Jean III, lawful female human Knight ..- .... ...y. .... ... aio.. o@o.. No'<. .--.` Jean III the Esquire Experience level: 5 Strength: 16 Dexterity: 8 Constitution: 12 Intelligence: 7 Wisdom: 16 Charisma: 17 Health: 0(44) Energy: 53(53) Def: 8 Gold: 403 Moves: 4028 Dungeon seed: MBXJ6WAbisA6Gx7L Game ID: Jean III_1477152090 Your Inventory: Coins $ - 403 gold pieces Weapons a - the blessed rustproof +1 Excalibur (weapon in hand) b - a +1 lance x - 4 +0 daggers (in quiver) Armor e - a blessed +1 ring mail (being worn) q - an uncursed +0 small shield (being worn) r - an uncursed +0 pair of leather gloves (being worn) y - an uncursed +0 dwarvish cloak (being worn) z - an uncursed +0 pair of iron shoes (being worn) Comestibles c - 8 uncursed apples d - 6 uncursed carrots i - 2 uncursed eggs k - an uncursed cram ration o - 2 uncursed food rations Scrolls D - an uncursed scroll of food detection Rings u - an uncursed ring of conflict Wands s - a wand of locking (0:6) A - a wand of undead turning (0:8) Tools j - an uncursed wooden flute B - an uncursed blindfold Spells and supernatural/magical abilities: Name Level Category Fail Memory W - pray for help -- divine ? -- X - turn undead -- divine ? -- Y - supernatural jump -- ability ? -- Your skills at the end: Fighting Skills riding [Basic] Weapon Skills long sword [Basic] lance [Basic] Spellcasting Skills Final Attributes: You were piously aligned. You were level-drain resistant. You had automatic searching. You could jump. You are dead. Vanquished creatures: a small mimic a leprechaun a gnome king a Mordor orc 2 Uruk-hai 2 gnome lords a floating eye 2 dwarves a homunculus a kobold lord an iguana 3 acid blobs 4 coyotes a gas spore 2 giant rats a green mold 2 red molds 8 gnomes a gnome zombie 5 geckos 9 jackals 4 foxes 2 kobolds 3 goblins 2 sewer rats 8 grid bugs 7 lichens 2 kobold zombies 9 newts 87 creatures vanquished. Voluntary challenges: You were an atheist. You used a wielded weapon 70 times, starting on turn 2. You read items or engraved 5 times, starting on turn 2979. You never genocided any monsters. You never polymorphed an object. You never changed form. You used no wishes. You never split a pudding. You never wrote Elbereth's name. You violated your moral code, losing 1 point of alignment, starting on turn 4016. Dungeon overview: The Dungeons of Doom: levels 1 to 3 Level 1 an altar to Manannan Mac Lir, a fountain a long staircase Level 2 a fountain Level 3 a general store stairs to The Gnomish Mines The Gnomish Mines: levels 4 to 5 Level 4 stairs to The Dungeons of Doom Level 5 <- You were here History has recorded: On T:1 you entered the Dungeons of Doom to retrieve the Amulet of Yendor! On T:702 you reached level 2 of The Dungeons of Doom. On T:1362 you advanced to experience level 2. On T:2546 you advanced to experience level 3. On T:2613 you reached level 3 of The Dungeons of Doom. On T:2630 you advanced to experience level 4. On T:3295 you advanced to experience level 5. On T:3718 you reached level 1 of The Gnomish Mines. On T:3804 you reached level 2 of The Gnomish Mines. Score breakdown: Gold: 403 ( 8866 points) Experience: 5 levels (11141 points) Exploration: 5 levels ( 10.42%) ( 8751 points) Discoveries: 5 items ( 2.03%) ( 4276 points) Valuables value: (no points given unless you survive) Artifact value: 4000 (12253 points) Variety of kills: 29 monsters ( 7.61%) ( 8276 points) Turncount: 4028 turns (-1035 points) Survival: died (score multiplied by 80%) Total score: 42022 Latest messages: The Uruk-hai reads a scroll labeled PRIRUTSENIE! The killer bee misses. The killer bee just misses! You miss the Uruk-hai. The red naga hatchling bites! The killer bee stings! You hear some noises. You kill the Uruk-hai! The red naga hatchling misses. The Uruk-hai misses. The Uruk-hai just misses! The Uruk-hai hits! The killer bee stings! The killer bee just misses! You hit the paper golem! The red naga hatchling misses. The Uruk-hai hits! (2x) The manes hits! (2x) The manes misses. The paper golem hits! The Uruk-hai hits! You die... Final status: Fare thee well Jean III the Knight, killed by an Uruk-hai... You died in The Gnomish Mines on dungeon level 5 with 42022 points, and 403 pieces of gold, after 4028 moves. You were level 5 with a maximum of 44 hit points when you died.